 Dungeon Crawl Stone Soup version 0.31-a0-187-gba352fbbf7 (webtiles) character file.

Game seed: 11083429708846678641

275 qw the Skirmisher (level 6, 0/34 HPs)
             Began as a Deep Elf Hunter on June 22, 2023.
             Slain by a gnoll
             ... wielding a +0 club
             ... led by a gnoll bouda
              (3 damage)
             ... on level 4 of the Dungeon.
             The game lasted 00:00:52 (1918 turns).

qw the Skirmisher (Deep Elf Hunter)                 Turns: 1918, Time: 00:00:53

Health: 0/34       AC:  8    Str: 10    XL:     6   Next: 3%
Magic:  8/8        EV: 11    Int: 14    God:
Gold:   139        SH:  0    Dex: 18    Spells: 5/5 levels left

rFire   . . .        Y - +1 shortbow
rCold   . . .        (shield currently unavailable)
rNeg    . . .        d - +0 ring mail
rPois   .            f - +0 helmet
rElec   .            i - +0 cloak
rCorr   .            e - +0 pair of gloves
SInv    .            (no boots)
Will    .....        l - amulet of faith
Stlth   +            (no ring)
HPRegen 0.25/turn    (no ring)
MPRegen 0.11/turn

%: faith
@: weakened
A: no striking features
a: no special abilities


You were on level 4 of the Dungeon.
You visited 1 branch of the dungeon, and saw 4 of its levels.

You collected 139 gold pieces.


   Skills:
 + Level 1.6 Fighting
 - Level 9.3 Ranged Weapons
 - Level 1.2 Armour
 - Level 2.4 Dodging
 - Level 1.2 Stealth


You had 5 spell levels left.
You didn't know any spells.
Your spell library was empty.

Inventory:

Hand Weapons
 Y - a +1 shortbow (weapon)
Armour
 d - a +0 ring mail (worn)
 e - a +0 pair of gloves (worn)
 f - a +0 helmet (worn)
 i - a +0 cloak (worn)
Jewellery
 l - an amulet of faith (around neck)
Scrolls
 a - a scroll of identify
Potions
 c - a potion of resistance
 j - a potion of degeneration {unknown}
 m - 2 potions of heal wounds {unknown}

Dungeon Overview and Level Annotations

Branches:
Dungeon (4/15)
 Temple: D:4-7

Altars:

Shops:
D:1 ([   D:3 [


Message History

You shoot an arrow. The orc shouts!
The arrow hits the orc.
The orc is heavily wounded.
The orc completely misses you.
The gnoll bouda gazes fiercely through you!
You feel your attacks grow feeble.
You shoot an arrow. The arrow hits the orc.
The orc is almost dead.
The orc closely misses you. The gnoll barely misses you.
The gnoll bouda barks out a call to the hunt!
The gnolls pick up the pace!
The orc hits you but does no damage. The gnoll closely misses you.
A goblin comes into view. It is wielding a +0 club.
You shoot an arrow. The arrow hits the orc.
You kill the orc!
The orc wizard barely misses you. The orc hits you with a +0 dagger.
You shoot an arrow.
The arrow closely misses the orc wizard.
The arrow barely misses the goblin.
The arrow hits the orc!
You kill the orc!
The gnoll barely misses you.
The gnoll bouda hits you with a +0 club.
The orc closely misses you.
The orc wizard hits you but does no damage.
You feel drained.
Your life force feels restored.
You shoot an arrow. The arrow hits the orc wizard!
The orc wizard is heavily wounded.
The gnoll hits you but does no damage. The gnoll misses you.
The orc wizard completely misses you.
The gnoll bouda gazes fiercely through you!
You feel as though you will be weak longer.
The gnoll bouda hits you with a +0 club.
The orc hits you but does no damage.
You shoot an arrow.
The arrow closely misses the orc wizard.
The arrow barely misses the goblin.
The gnoll hits you with a +0 club.
You die...

# ###. .....
.##$.o#######..
...).go@ggg....
..###.oggK....#
#.####.#..# #.
# # #


You could see a gnoll bouda, an orc wizard, 4 gnolls, 2 orcs, a goblin and a
kobold.

Vanquished Creatures
  Menkaure (D:4)
  2 iguanas
  Robin (D:2)
  3 adders (D:2)
  4 orcs
  6 endoplasms
  2 giant cockroaches (D:2)
  9 goblins
  7 hobgoblins
  2 jackals (D:3)
  2 kobolds (D:2)
  2 quokkas (D:1)
  2 ball pythons (D:1)
  4 bats
  9 frilled lizards
  7 rats
63 creatures vanquished.

Notes
Turn   | Place    | Note
-------+----------+-------------------------------------------
     0 | D:1      | qw the Deep Elf Hunter began the quest for the Orb.
     0 | D:1      | Reached XP level 1. HP: 12/12 MP: 3/3
     0 | D:1      | 0 ||| qw: Version: 0.3-a-9-g12657ce
     0 | D:1      | 0 ||| qw: Game counter: 2601
     0 | D:1      | 0 ||| qw: Always use a shield: true
     0 | D:1      | 0 ||| qw: God list: Okawaru
     0 | D:1      | 0 ||| qw: Allow faded altars: false
     0 | D:1      | 0 ||| qw: Do Orc after D:15 true
     0 | D:1      | 0 ||| qw: Do second Lair branch before Depths: true
     0 | D:1      | 0 ||| qw: Lair rune preference: random
     0 | D:1      | 0 ||| qw: Plans: Normal
     0 | D:1      | 0 ||| PLANNING D:1-11
    41 | D:1      | Found Arefeg's Antique Weapon Boutique.
   132 | D:1      | Reached skill level 6 in Ranged Weapons
   132 | D:1      | Reached XP level 2. HP: 16/16 MP: 4/4
   188 | D:1      | Found Juke's Armour Shop.
   624 | D:1      | 624 ||| UPGRADING to +0 ring mail.
   634 | D:1      | 634 ||| DROPPING +0 leather armour.
   635 | D:1      | 635 ||| UPGRADING to +0 pair of gloves.
   640 | D:1      | 640 ||| UPGRADING to +0 cloak.
   645 | D:1      | 645 ||| READING scroll labelled GAURRE LOWY.
   646 | D:1      | 646 ||| READING scroll labelled JAIPNY GIPI.
   747 | D:1      | 747 ||| READING scroll labelled XUDWOSSEJI.
   748 | D:1      | 748 ||| READING scroll labelled OCE EZARPHEO.
   753 | D:1      | 753 ||| DROPPING scroll of butterflies.
   807 | D:2      | Reached XP level 3. HP: 20/20 MP: 5/5
   815 | D:2      | Reached skill level 7 in Ranged Weapons
   964 | D:2      | Reached XP level 4. HP: 25/25 MP: 6/6
  1166 | D:2      | 1166 ||| READING scroll labelled SIXEHA OPLIESH.
  1190 | D:3      | Noticed Robin
  1196 | D:3      | 1196 ||| STAIRDANCE
  1247 | D:3      | 1247 ||| STAIRDANCE
  1253 | D:2      | HP: 5/25 [goblin/+4 dagger[Robin] (2)]
  1340 | D:3      | 1340 ||| STAIRDANCE
  1361 | D:3      | 1361 ||| STAIRDANCE
  1363 | D:2      | Killed Robin
  1364 | D:2      | Reached skill level 8 in Ranged Weapons
  1394 | D:2      | 1394 ||| UPGRADING to +0 helmet.
  1488 | D:3      | Reached skill level 1 in Armour
  1488 | D:3      | Reached XP level 5. HP: 21/29 MP: 7/7
  1500 | D:3      | 1500 ||| FLEEEEING.
  1501 | D:3      | 1501 ||| FLEEEEING.
  1701 | D:3      | Found Ridoen's Antique Armour Shop.
  1711 | D:3      | 1711 ||| SHOPLISTING encrusted scale mail (171 gold, have
                  | 82).
  1774 | D:3      | 1774 ||| UPGRADING to amulet of faith.
  1779 | D:3      | 1779 ||| READING scroll labelled NOAXKIPLOO.
  1780 | D:3      | 1780 ||| DRINKING 2 white potions.
  1781 | D:3      | 1781 ||| READING 3 scrolls of identify.
  1781 | D:3      | 1781 ||| IDENTIFYING fizzy white potion
  1782 | D:3      | 1782 ||| READING 2 scrolls of identify.
  1782 | D:3      | 1782 ||| IDENTIFYING viscous golden potion
  1783 | D:3      | 1783 ||| DROPPING potion of magic.
  1784 | D:3      | 1784 ||| DROPPING potion of brilliance.
  1875 | D:4      | Noticed Menkaure
  1879 | D:4      | 1879 ||| FLEEEEING.
  1880 | D:4      | 1880 ||| FLEEEEING.
  1881 | D:4      | 1881 ||| FLEEEEING.
  1882 | D:4      | 1882 ||| FLEEEEING.
  1883 | D:4      | 1883 ||| FLEEEEING.
  1884 | D:4      | 1884 ||| FLEEEEING.
  1906 | D:4      | HP: 7/29 [??? (4)]
  1907 | D:4      | 1907 ||| READING scroll of teleportation.
  1909 | D:4      | Killed Menkaure
  1910 | D:4      | Reached skill level 9 in Ranged Weapons
  1910 | D:4      | Reached XP level 6. HP: 7/34 MP: 8/8
  1915 | D:4      | HP: 7/34 [orc/+0 dagger (1)]
  1917 | D:4      | HP: 3/34 [gnoll bouda/+0 club (4)]
  1918 | D:4      | Slain by a gnoll

Levels and vault maps discovered:
D:1:      dpeg_arrival_fog, layout_basic, serial_shops, shop, shop
D:2:      layout_rooms, grunt_ministairs_7, minmay_misc_feat_doors
D:3:      layout_rooms, serial_shops, nicolae_square_shop, uniq_robin
D:4:      layout_loops_ring, uniq_menkaure, uniq_blork_the_orc

Skill      XL: |  1  2  3  4  5 |
---------------+----------------+-----
Ranged Weapons | 6 7 8 9 |  9.3
Armour         | 1 |  1.2
Fighting       | |  1.6
Dodging        | |  2.4
Stealth        | |  1.2

Action                     |  1- 3 |  4- 6 || total
---------------------------+-------+-------++-------
   Fire: Shortbow          |    60 |    91 ||   151
    Use: Scroll            |     4 |     5 ||     9
         Potion            |       |     1 ||     1
 Armour: Leather armour    |     1 |       ||     1
         Ring mail         |     8 |    37 ||    45
  Dodge: Dodged            |     8 |    67 ||    75

Table legend:
 A = Non-vault XP
 B = Vault XP
 C = Vault XP percentage of total XP
 D = Non-vault monster count
 E = Vault monster count
 F = Vault count percentage of total count
                 A         B        C        D         E       F
            +---------+---------+-------+---------+---------+-------
      Total |     172 |     222 |  56.3 |      49 |      14 |  22.2
            +---------+---------+-------+---------+---------+-------
        D:1 |      21 |       0 |   0.0 |      15 |       0 |   0.0
        D:2 |      85 |      44 |  34.1 |      17 |      10 |  37.0
        D:3 |      55 |       6 |   9.8 |      13 |       3 |  18.8
        D:4 |      11 |     172 |  94.0 |       4 |       1 |  20.0
            +---------+---------+-------+---------+---------+-------
